 Dungeon Crawl Stone Soup version 0.32-a0-814-g0968bab981 (webtiles) character file.

Game seed: 15261298284730746126

4292 hikkokomori the Trooper (level 10, 0/80 HPs)
             Began as a Coglin Hunter on Mar 22, 2024.
             Was a Follower of Beogh.
             Slain by a basilisk (4 damage)
             ... while petrified by a basilisk
             ... on level 8 of the Dungeon.
             The game lasted 00:22:19 (9688 turns).

hikkokomori the Trooper (Coglin Hunter)             Turns: 9688, Time: 00:22:19

Health: 0/80       AC:  6    Str: 16    XL:     10   Next: 32%
Magic:  15/15      EV:  2    Int: 10    God:    Beogh [*.....]
Gold:   569        SH:  0    Dex: 22    Spells: 12/16 levels left

rFire   . . .        a - +3 sling {Fuyuko}
rCold   + . .        d - +0 sling {Eunkyung}
rNeg    + + +        x - +1 leather armour of the New World {Dex+4}
rPois   ∞            (no helmet)
rElec   .            (no cloak)
rCorr   .            l - +1 pair of gloves
SInv    +            (no boots)
Will    .....        (amulet unavailable)
Stlth   ++           (ring unavailable)
HPRegen 0.33/turn    (ring unavailable)
MPRegen 0.14/turn    (no gizmo)

%: no passive effects
@: petrified, revving
A: off-hand wielding, slow wielding, warmup strikes, no jewellery, see
invisible, cold resistance 1, strong 1, sturdy frame 1
a: Invent Gizmo, Renounce Religion


You were on level 8 of the Dungeon.
You worshipped Beogh.
Beogh was aware of your devotion.
You visited 2 branches of the dungeon, and saw 9 of its levels.
You also visited: Sewer.

You collected 569 gold pieces.

Inventory:

Hand Weapons
 a - a +3 sling (weapon) {Fuyuko}
 d - a +0 sling (offhand) {Eunkyung}
 i - a +1 falchion of electrocution
 n - a +1 vampiric dagger
 o - a +0 falchion of electrocution
Missiles
 h - 28 poisoned darts
 q - 3 atropa-tipped darts
Armour
 c - a +0 leather armour
 g - a +0 scale mail
 l - a +1 pair of gloves (worn)
 x - the +1 leather armour of the New World (worn) {Dex+4}
   (You took it off a wight on level 8 of the Dungeon)

   Dex+4:     It affects your dexterity (+4).
 y - a +0 cloak
Scrolls
 e - a scroll of noise
 m - a scroll of immolation
 r - a scroll of revelation
 t - a scroll of fear
 u - a scroll of amnesia
 v - a scroll of enchant armour
 w - 3 scrolls of torment
Potions
 b - 2 potions of resistance
 f - a potion of lignification
 k - 4 potions of mutation
 p - 2 potions of brilliance
 s - 2 potions of curing


   Skills:
 + Level 7.8 Fighting
 - Level 7.2 Ranged Weapons
 - Level 2.0 Throwing
 + Level 3.9 Armour
 + Level 4.5 Dodging
 - Level 2.0 Stealth
 + Level 3.6 Spellcasting
 + Level 3.8 Conjurations
 + Level 3.8 Earth Magic
 + Level 0.0 Invocations


You had 12 spell levels left.
You knew the following spells:

 Your Spells              Type           Power      Damage    Failure   Level
a - Brom's Barrelling Bo  Conj/Erth      9%         2d3       50%         4

Your spell library contained the following spells:

 Spells                   Type           Power      Damage    Failure   Level
 Scorch                   Fire           2%         2d5       38%         2
 Flame Wave               Conj/Fire      5%         2d5       77%         4
 Iskenderun's Battlesphe  Conj           9%         2d6       85%         5
 Fireball                 Conj/Fire      2%         3d4       98%         5
 Conjure Ball Lightning   Conj/Air       2%         3x3d6     100%        6
 Summon Cactus Giant      Summ           0%         N/A       100%        6
 Orb of Destruction       Conj           4%         9d5       100%        7


Dungeon Overview and Level Annotations

Branches:
Dungeon (8/15)             Temple (1/1) D:6            Lair (0/5) D:8
  Sewer (visited)

Altars:
Ashenzari
Cheibriados
Dithmenos
Elyvilon
Gozag
Kikubaaqudgha
Makhleb
Nemelex Xobeh
Okawaru
Qazlal
Sif Muna
Trog
Uskayaw
Vehumet
Wu Jian
Xom
Zin
The Shining One

Shops:
D:4 (

Annotations:
D:6 exclusion: downstairs
D:8 Jeremiah


Innate Abilities, Weirdness & Mutations

You can wield a second weapon in your off-hand.
It takes a long time for you to wield or remove held weapons.
Your first few attacks do less damage.
You cannot equip rings or amulets.
You have supernaturally acute eyesight. (SInv)
Your flesh is cold resistant. (rC+)
Your muscles are strong. (Str +4, Int/Dex -1)
Your movements are slightly less encumbered by armour. (ER -2)


Message History

Press: ? - help, Dir - move target, p - basilisk
As you read the scroll of blinking, it crumbles to dust.
Your limbs are stiffening.
Okay, then.
Okay, then.
You aren't carrying any items that you can evoke.
Okay, then.
Blink to where?
Press: ? - help, Dir - move target
As you read the scroll of blinking, it crumbles to dust.
You have turned to stone.
The basilisk gazes at you. You resist with some effort.
You turn to flesh and can move again.
The basilisk gazes at you.
You are slowing down.
Fire: a) +3 sling {Fuyuko}
Press: ? - help, Shift-Dir - straight line, f - basilisk
Aim: a basilisk (heavily wounded, 64% to hit)
You shoot a sling bullet.
The sling bullet barely misses the basilisk.
You shoot a sling bullet. The sling bullet hits the basilisk.
The basilisk is heavily wounded.
Your limbs are stiffening.
Fire: a) +3 sling {Fuyuko}
Press: ? - help, Shift-Dir - straight line, f/p - basilisk
Aim: a basilisk (heavily wounded, 64% to hit)
You shoot a sling bullet.
The sling bullet closely misses the basilisk.
You shoot a sling bullet. The sling bullet hits the basilisk.
The basilisk is severely wounded.
You have turned to stone.
The basilisk bites you but does no damage.
The basilisk bites you!
* * * LOW HITPOINT WARNING * * *
The basilisk bites you. The basilisk bites you!
* * * LOW HITPOINT WARNING * * *
The basilisk bites you!
You die...

.#.# #.# #..........#.# %#.#
#.#######..........#.#####
.#.#
#...†.....##########....^.
.#.#
#########÷#######<##..####
##.##########................#
.........<.....#.##.......##.#
##.##########.[#.##.......##.#
##.# #..#.##.......##.# ...#
########..#@##.......##.#
.#####.........l.............#
.................#........#
#####
#.####.##..................
.... #.## #.##.########......
#######
#..###.##.########.#####
#...... ##...#.##.##.....#..
#.##### ###.§l##....P.......
#.# ###(##P.P........#. #.#


You could see a basilisk.

Vanquished Creatures
  Grinder (D:3)
  2 wyverns (D:8)
  A yak (D:7)
  A steam dragon (D:8)
  3 water moccasins (D:8)
  An orc warrior (D:7)
  Pargi (D:3)
  A sky beast (D:6)
  2 ice beasts
  3 black bears
  An ogre (D:5)
  4 centaurs
  A phantom (D:4)
  2 kobold brigands (Sewer)
  2 bullfrogs (D:7)
  3 scorpions
  16 wights
  A hound (D:6)
  A bombardier beetle (D:4)
  2 orc priests
  2 sleepcaps
  Jessica (D:3)
  4 iguanas
  4 orc wizards
  9 adders
  4 gnolls (D:7)
  9 river rats (Sewer)
  A white imp (D:7)
  2 ufetubi (D:5)
  6 ribbon worms
  13 orcs
  5 bats
  7 endoplasms
  3 giant cockroaches
  8 goblins
  6 hobgoblins
  2 jackals (D:1)
  20 kobolds
  5 quokkas
  14 ball pythons
  7 frilled lizards
  29 rats
210 creatures vanquished.

Vanquished Creatures (others)
  A human (D:7)
1 creature vanquished.

Grand Total: 211 creatures vanquished

Notes
Turn   | Place    | Note
-------+----------+-------------------------------------------
     0 | D:1      | hikkokomori the Coglin Hunter began the quest for the Orb.
     0 | D:1      | Reached XP level 1. HP: 16/16 MP: 1/1
   108 | D:1      | Reached XP level 2. HP: 23/23 MP: 2/2
   745 | D:1      | Reached XP level 3. HP: 28/28 MP: 3/3
  1168 | D:2      | Found a faded altar of an unknown god.
  1717 | D:3      | Reached XP level 4. HP: 35/35 MP: 4/4
  1813 | D:3      | Noticed Jessica
  1818 | D:3      | Killed Jessica
  1907 | D:3      | Noticed Grinder
  1907 | D:3      | Paralysed by Grinder for 3 turns
  1912 | D:3      | Paralysed by Grinder for 3 turns
  1944 | D:3      | Paralysed by Grinder for 4 turns
  1950 | D:3      | Paralysed by Grinder for 5 turns
  1958 | D:3      | Killed Grinder
  1959 | D:3      | Reached skill level 5 in Ranged Weapons
  1959 | D:3      | Reached XP level 5. HP: 27/43 MP: 5/5
  1959 | D:3      | Reached XP level 6. HP: 31/49 MP: 6/6
  2018 | D:3      | Noticed Pargi
  2078 | D:4      | Found a glowing drain.
  2091 | Sewer    | Entered a sewer
  2244 | Sewer    | Reached skill level 5 in Fighting
  2407 | Sewer    | Reached skill level 1 in Stealth
  2498 | Sewer    | Reached XP level 7. HP: 56/56 MP: 7/7
  2961 | D:4      | Reached XP level 8. HP: 53/64 MP: 8/8
  3649 | D:4      | Found Sogar's Antique Weapon Emporium.
  3762 | D:4      | Found a shimmering altar of Xom.
  4070 | D:4      | Found an opulent altar of Gozag.
  4396 | D:5      | Entered Level 5 of the Dungeon
  4411 | D:5      | Learned a level 4 spell: Brom's Barrelling Boulder
  4625 | D:5      | Reached skill level 1 in Armour
  4625 | D:5      | Reached skill level 1 in Conjurations
  4625 | D:5      | Reached skill level 1 in Earth Magic
  4625 | D:5      | Gained mutation: Your flesh is cold resistant. (rC+)
                  | [potion of mutation]
  4625 | D:5      | Gained mutation: You have hidden genetic potential. [potion
                  | of mutation]
  4625 | D:5      | Gained mutation: Your movements are slightly less
                  | encumbered by armour. (ER -2) [potion of mutation]
  4646 | D:5      | HP: 1/67 [orc priest/divine providence (10)]
  4647 | D:5      | Became a worshipper of Beogh the Shepherd
  4882 | D:5      | Reached skill level 1 in Spellcasting
  5169 | D:3      | Killed Pargi
  5657 | D:5      | Reached skill level 1 in Throwing
  6158 | D:6      | Reached XP level 9. HP: 41/72 MP: 11/11
  6352 | D:6      | Found a staircase to the Ecumenical Temple.
  6465 | Temple   | Entered the Ecumenical Temple
  6644 | D:6      | Found a hide-covered altar of Uskayaw.
  7304 | D:6      | Gained mutation: You have supernaturally acute eyesight.
                  | (SInv) [hidden potential]
  7587 | D:7      | Reached * piety under Beogh
  7726 | D:7      | Found an ancient bone altar of Kikubaaqudgha.
  7842 | D:7      | Found a broken altar of Ashenzari.
  7944 | D:7      | Found a radiant altar of Vehumet.
  8020 | D:7      | Found a bloodstained altar of Trog.
  8114 | D:7      | Found an iron altar of Okawaru.
  8778 | D:8      | Identified the +1 leather armour of the New World {Dex+4}
  8784 | D:8      | Reached XP level 10. HP: 45/79 MP: 14/14
  8798 | D:8      | Noticed Jeremiah
  9327 | D:8      | Gained mutation: Your muscles are strong. (Str +4, Int/Dex
                  | -1) [hidden potential]
  9327 | D:8      | Lost mutation: You have hidden genetic potential. [hidden
                  | potential expressed]
  9436 | D:8      | Found a staircase to the Lair.
  9687 | D:8      | HP: 4/80 [basilisk (8)]
  9688 | D:8      | Slain by a basilisk

Illustrated notes

Levels and vault maps discovered:
D:1:      ncdulo_lavacross, layout_basic, serial_forest,
          infiniplex_forest_lined_3_way, infiniplex_forest_clump_long,
          infiniplex_forest_clump_cross, infiniplex_forest_straight_2,
          infiniplex_forest_corner_1, infiniplex_forest_lined_room_2,
          infiniplex_forest_clump_tiny, infiniplex_forest_straight_3,
          minmay_liquid_box
D:2:      layout_loops_ring, shapermc_ecumenical_altar_flowoftime,
          minmay_misc_feat_nine_boxes
D:3:      layout_rooms, minmay_misc_feat_chi, dk_noncrumbling_3, uniq_grinder,
          uniq_pargi, uniq_jessica
D:4:      layout_layer_cave, xom_teletrap_fun, grunt_gozag_statues,
          portal_sewer_entry_f, serial_shops, shop_coins, grunt_decor_fettered
D:5:      layout_loops_ring, hex_large
D:6:      layout_gridville, general_overflow_altar
D:7:      layout_loops_cross, lemuel_doored_altar, mainiacjoe_overflow_alcove_2,
          tgw_kikubaaqudgha, old_standard_altar, kennysheep_mini_moat
D:8:      layout_basic, minmay_lair_entry_grove, minmay_checkerbox,
          uniq_jeremiah
Temple:   zaba_magenta_temple

Skill      XL: |  1  2  3  4  5  6  7  8  9 |
---------------+----------------------------+-----
Ranged Weapons | 4 5 6 7 |  7.2
Fighting       | 3 4 5 6 7 |  7.8
Stealth        | 1 2 |  2.0
Dodging        | 2 4 |  4.5
Armour         | 1 3 |  3.9
Conjurations   | 1 3 |  3.8
Earth Magic    | 1 3 |  3.8
Spellcasting   | 1 3 |  3.6
Throwing       | 1 2 |  2.0

Action                     |  1- 3 |  4- 6 |  7- 9 | 10-12 || total
---------------------------+-------+-------+-------+-------++-------
  Melee: Sling             |       |       |     2 |       ||     2
   Fire: Sling             |   200 |   268 |   880 |   136 ||  1484
  Throw: Dart              |       |       |     9 |     2 ||    11
 Invoke: Convert to Beogh  |       |       |     1 |       ||     1
    Use: Scroll            |       |     7 |    10 |     3 ||    20
         Potion            |       |       |     8 |       ||     8
 Armour: Leather armour    |    11 |    43 |   175 |    48 ||   277
  Dodge: Dodged            |     8 |    22 |   145 |    37 ||   212

Table legend: (Time is in decaauts)
 A = Elapsed time spent in this place.
 B = Non-inter-level travel time spent in this place.
 C = Inter-level travel time spent in this place.
 D = Time resting spent in this place.
 E = Time spent auto-exploring this place.
 F = Levels seen in this place.
 G = Mean time per level.
                   A        B        C        D        E       F      G
               +--------+--------+--------+--------+--------+-----+--------+
         Total |   9815 |   9380 |    435 |    963 |   6749 |  10 |  981.5 |
       Dungeon |   8915 |   8480 |    435 |    703 |   6347 |   8 | 1114.4 |
        Temple |    141 |    141 |      0 |    140 |      0 |   1 |  141.0 |
         Sewer |    757 |    757 |      0 |    120 |    402 |   1 |  757.0 |
               +--------+--------+--------+--------+--------+-----+--------+

Top non-repeatable levels by time:
     D:4: 1836 daAuts
     D:7: 1277 daAuts
     D:6: 1238 daAuts
     D:5: 1166 daAuts
     D:8: 1015 daAuts
     D:1: 987 daAuts
   Sewer: 757 daAuts
     D:2: 754 daAuts
     D:3: 639 daAuts
  Temple: 141 daAuts
